 Dungeon Crawl Stone Soup version 0.31-a0-176-g91f28db67f (webtiles) character file.

Game seed: 2302427219044141394

148 Elmgren the Shooter (level 5, -1/25 HPs)
             Began as a Spriggan Hunter on June 18, 2023.
             Killed by divine providence
             ... invoked by an orc priest
              (14 damage)
             ... on level 4 of the Dungeon.
             The game lasted 00:03:39 (2031 turns).

Elmgren the Shooter (Spriggan Hunter)               Turns: 2031, Time: 00:03:40

Health: -1/25      AC:  3    Str:  7    XL:     5   Next: 8%
Magic:  6/6        EV: 18    Int: 11    God:
Gold:   213        SH:  0    Dex: 20    Spells: 4/4 levels left

rFire   . . .        a - +0 shortbow
rCold   . . .        (shield currently unavailable)
rNeg    . . .        c - +0 robe
rPois   .            (helmet restricted)
rElec   .            h - +0 cloak
rCorr   .            (gloves unavailable)
SInv    +            (boots unavailable)
Will    .....        (no amulet)
Stlth   ++           (no ring)
HPRegen 0.24/turn    (no ring)
MPRegen 0.10/turn

%: no passive effects
@: very quick
A: very small, no large weapons, unfitting armour, see invisible, speed 3
a: no special abilities


You were on level 4 of the Dungeon.
You visited 1 branch of the dungeon, and saw 4 of its levels.

You collected 213 gold pieces.

Inventory:

Hand Weapons
 a - a +0 shortbow (weapon)
Armour
 c - a +0 robe (worn)
 h - a +0 cloak (worn)
 j - a scarf of harm
Jewellery
 g - an amulet of magic regeneration
Scrolls
 b - a scroll of butterflies
 e - 3 scrolls of identify
Potions
 d - a potion of curing
 f - 2 potions of heal wounds {unknown}
 i - a potion of resistance {unknown}
 k - a potion of lignification {unknown}


   Skills:
 - Level 1.5 Fighting
 + Level 6.4 Ranged Weapons
 - Level 2.6 Dodging
 - Level 1.5 Stealth


You had 4 spell levels left.
You didn't know any spells.
Your spell library contained the following spells:

 Spells                   Type           Power      Damage    Failure   Level
 Blink                    Tloc           0%         N/A       47%         2
 Ozocubu's Armour         Ice            0%         N/A       71%         3
 Manifold Assault         Tloc           0%         N/A       98%         4
 Metabolic Englaciation   Hex/Ice        0%         N/A       100%        5
 Simulacrum               Ice/Necr       0%         N/A       100%        6
 Storm Form               Tmut/Air       0%         N/A       100%        7


Dungeon Overview and Level Annotations

Branches:
Dungeon (4/15)
 Temple: D:4-7

Altars:
Cheibriados

Shops:
D:1 =   D:3 ?


Innate Abilities, Weirdness & Mutations

You are very small and have problems with some larger weapons.
You are too small for most types of armour.
You have supernaturally acute eyesight. (SInv)
You cover ground extremely quickly. (Speed+++)


Message History

You shoot an arrow. The arrow hits the endoplasm.
The endoplasm is severely wounded.
The endoplasm completely misses you.
You shoot an arrow. The arrow hits the endoplasm!
You kill the endoplasm!
You start resting.
HP restored.
There is a stone staircase leading down here.
You climb downwards.
There is a stone staircase leading up here.
Fire: a) +0 shortbow
Press: ? - help, Q - select action Shift-Dir - straight line, f - orc priest
Aim: an orc priest, wielding a +0 hand axe and wearing a +0 ring mail (69% to hit)
You shoot an arrow. The arrow hits the orc priest!
The orc priest is severely wounded.
The orc priest casts a cantrip, but nothing happens.
Fire: a) +0 shortbow
Press: ? - help, Q - select action Shift-Dir - straight line, f/p - orc priest
Aim: an orc priest, wielding a +0 hand axe and wearing a +0 ring mail (severely wounded, 69% to hit)
You shoot an arrow.
The arrow hits the orc priest but does no damage.
The orc priest is severely wounded.
Fire: a) +0 shortbow
Press: ? - help, Q - select action Shift-Dir - straight line, f/p - orc priest
Aim: an orc priest, wielding a +0 hand axe and wearing a +0 ring mail (severely wounded, 69% to hit)
You shoot an arrow. The arrow hits the orc priest.
The orc priest is severely wounded.
The orc priest invokes the aid of Beogh against you.
Beogh smites you!
Ouch! That really hurt!
Fire: a) +0 shortbow
Press: ? - help, Q - select action Shift-Dir - straight line, f/p - orc priest
Aim: an orc priest, wielding a +0 hand axe and wearing a +0 ring mail (severely wounded, 69% to hit)
You shoot an arrow.
The arrow hits the orc priest but does no damage.
The orc priest is severely wounded.
The orc priest invokes the aid of Beogh against you.
Beogh smites you!
Ouch! That really hurt!
You die...

###### ###....###
##........###
............#####
.......@oo...#..##
.................##
..................#
..................##
...........#.......##
..........###.......##
#........## ##..J....##
#...###..#######......#
#.........o......#


You could see an orc priest and an orc.

Vanquished Creatures
  A mummy (D:3)
  6 adders
  3 orcs
  5 ball pythons
  2 bats (D:2)
  8 endoplasms
  A giant cockroach (D:1)
  6 hobgoblins
  13 jackals
  2 quokkas
  4 frilled lizards (D:1)
  7 goblins
  4 kobolds
  10 rats
72 creatures vanquished.

Notes
Turn   | Place    | Note
-------+----------+-------------------------------------------
     0 | D:1      | Elmgren the Spriggan Hunter began the quest for the Orb.
     0 | D:1      | Reached XP level 1. HP: 10/10 MP: 2/2
   138 | D:1      | Reached XP level 2. HP: 14/14 MP: 3/3
   258 | D:1      | Found Soumucyu's Jewellery Shoppe.
   361 | D:1      | Reached skill level 5 in Ranged Weapons
   454 | D:1      | Reached XP level 3. HP: 18/18 MP: 4/4
   569 | D:1      | Found a faded altar of an unknown god.
   981 | D:2      | Reached XP level 4. HP: 19/22 MP: 5/5
  1407 | D:3      | Reached skill level 6 in Ranged Weapons
  1605 | D:3      | Identified the +1 scale mail of the Dice {Fly rCorr}
  1777 | D:3      | Found Duil's Magic Scroll Boutique.
  1819 | D:3      | Found a snail-covered altar of Cheibriados.
  1827 | D:3      | Reached XP level 5. HP: 25/25 MP: 6/6
  2031 | D:4      | Killed from afar by an orc priest

Illustrated notes

Levels and vault maps discovered:
D:1:      dpeg_arrival_tiny_f, layout_loops_ring, ebering_ecumenical_altar_rust,
          serial_shops, shop, kennysheep_minor_cross, minmay_heptomino_d4
D:2:      layout_rooms, kennysheep_path_1
D:3:      layout_basic, slow_altar_2, serial_shops, shop, minmay_misc_feat_tiny,
          grunt_ministairs_12
D:4:      layout_cave_pods, serial_shops, nicolae_shop_tiny_glass,
          minmay_shop_damaged

Skill      XL: |  1  2  3  4 |
---------------+-------------+-----
Ranged Weapons | 5 6 |  6.4
Fighting       | |  1.5
Dodging        | |  2.6
Stealth        | |  1.5

Action                     |  1- 3 |  4- 6 || total
---------------------------+-------+-------++-------
   Fire: Shortbow          |   121 |    92 ||   213
    Use: Scroll            |     1 |     2 ||     3
 Armour: Robe              |     7 |     4 ||    11
  Dodge: Dodged            |    51 |    28 ||    79

Table legend: (Time is in decaauts)
 A = Elapsed time spent in this place.
 B = Non-inter-level travel time spent in this place.
 C = Inter-level travel time spent in this place.
 D = Time resting spent in this place.
 E = Time spent auto-exploring this place.
 F = Levels seen in this place.
 G = Mean time per level.
                   A        B        C        D        E       F      G
               +--------+--------+--------+--------+--------+-----+--------+
         Total |   1426 |   1371 |     55 |    108 |    870 |   4 |  356.5 |
       Dungeon |   1426 |   1371 |     55 |    108 |    870 |   4 |  356.5 |
               +--------+--------+--------+--------+--------+-----+--------+

Top non-repeatable levels by time:
     D:3: 513 daAuts
     D:1: 488 daAuts
     D:2: 368 daAuts
     D:4: 55 daAuts
